 Dungeon Crawl Stone Soup version 0.32-a0-314-g526f7d4993 (webtiles) character file.

Game seed: 15703021616789979061

2461 IdlyInterested the Trooper (level 9, 0/69 HPs)
             Began as a Demonspawn Fighter on Feb 15, 2024.
             Slain by a sleepcap (3 damage)
             ... on level 6 of the Dungeon.
             The game lasted 00:19:40 (6918 turns).

IdlyInterested the Trooper (Demonspawn Fighter)     Turns: 6918, Time: 00:19:40

Health: 0/69       AC:  4    Str: 18      XL:     9   Next: 26%
Magic:  9/9        EV: 13    Int:  9 (10) God:
Gold:   50         SH:  5    Dex: 14      Spells: 8/8 levels left

rFire   + .          .
                       - Unarmed
rCold   . . .        (no shield)
rNeg    . . .        E - +1 robe {Will+}
rPois   .            R - +0 helmet
rElec   .            (no cloak)
rCorr   .            (no gloves)
SInv    .            (no boots)
Will    +....        y - amulet of reflection
Stlth   +            h - ring of protection from cold
HPRegen 0.31/turn    B - ring of fire
MPRegen 0.11/turn

%: reflection
@: very slow
A: demonic guardian 1, demonic touch 2
a: no special abilities


You were on level 6 of the Dungeon.
You visited 2 branches of the dungeon, and saw 7 of its levels.
You also visited: Ossuary.

You collected 280 gold pieces.
You spent 230 gold pieces at shops.

Inventory:

Hand Weapons
 a - a +0 rapier
 f - a +0 hand axe
 g - a +0 flail
 w - a +2 dagger of venom
 H - a +5 dagger
 I - a +1 trident
Missiles
 k - 4 poisoned darts
 o - 3 throwing nets
 q - 16 stones (quivered)
 r - 3 javelins
 x - 5 curare-tipped darts
Armour
 c - a +0 buckler
 D - a +0 plate armour
 E - a +1 robe of willpower (worn)
 R - a +0 helmet (worn)
Jewellery
 h - a ring of protection from cold (left hand)
 y - an amulet of reflection (around neck)
 B - a ring of fire (right hand)
 T - a ring of wizardry
Talismans
 e - a beast talisman
 i - a blade talisman
 p - a serpent talisman
Wands
 b - a wand of polymorph (14)
 Q - a wand of roots (4)
Scrolls
 j - 5 scrolls of teleportation {unknown}
 m - 3 scrolls of poison {unknown}
 n - a scroll of immolation {unknown}
 v - 2 scrolls of revelation
 A - 5 scrolls of identify {unknown}
 F - 2 scrolls of blinking
 G - a scroll of acquirement {unknown}
 L - 2 scrolls of summoning {unknown}
 N - a scroll of torment {unknown}
 O - 2 scrolls of amnesia
 P - a scroll of fog
 S - a scroll of enchant weapon {unknown}
Potions
 d - a potion of might
 l - 2 potions of heal wounds
 s - 3 potions of brilliance
 t - 2 potions of enlightenment
 u - a potion of lignification {unknown}
 z - 2 potions of haste {unknown}
 C - a potion of mutation {unknown}
 J - a potion of berserk rage {unknown}
 K - 3 potions of curing {unknown}
 M - a potion of ambrosia {unknown}


   Skills:
 - Level 6.0 Fighting
 - Level 2.0 Short Blades
 - Level 2.0 Throwing
 - Level 6.0 Armour
 + Level 4.3 Dodging
 - Level 2.0 Stealth
 - Level 2.6 Shields
 - Level 6.0 Unarmed Combat
 - Level 2.0 Evocations
 - Level 2.0 Shapeshifting


You had 8 spell levels left.
You didn't know any spells.
Your spell library contained the following spells:

 Spells                   Type           Power      Damage    Failure   Level
 Slow                     Hex            0%         N/A       38%         1
 Confusing Touch          Hex            0%         N/A       77%         3
 Sigil of Binding         Hex            0%         N/A       77%         3
 Vampiric Draining        Necr           0%         2d6       77%         3


Dungeon Overview and Level Annotations

Branches:
Dungeon (6/15)             Temple (1/1) D:6         Ossuary (visited)

Altars:
Ashenzari
Cheibriados
Dithmenos
Fedhas
Kikubaaqudgha
Makhleb
Nemelex Xobeh
Okawaru
Qazlal
Ru
Sif Muna
Uskayaw
Vehumet
Xom
Yredelemnul

Shops:
D:2 ?

Annotations:
D:6 3 runed translucent doors, TrayleKats's ghost, novice MiFi


Innate Abilities, Weirdness & Mutations

A weak demonic guardian rushes to your aid.
Your touch may inflict irresistible damage on your foes.


Message History

Your quasit claws the sleepcap but does no damage.
You see here a +0 halberd.
You enter the shallow water.
Moving in this stuff is going to be slow.
Your quasit splashes around in the water.
Your quasit claws the sleepcap but does no damage.
Your quasit claws the sleepcap.
The sleepcap releases spores at you.
* * * LOW HITPOINT WARNING * * *
You are engulfed in a cloud of soporific spores!
You fall asleep.
Your quasit bites the sleepcap but does no damage.
Your quasit splashes around in the water. x2
The sleepcap releases spores at you!
You wake up.
* * * LOW HITPOINT WARNING * * *
Things that are here:
a +0 whip; a +0 robe You hit the sleepcap but do no damage.
You punch the sleepcap, but do no damage.
The sleepcap is lightly damaged.
Your quasit bites the sleepcap but does no damage.
Your quasit splashes around in the water.
Your quasit claws the sleepcap.
The sleepcap completely misses you.
You hit the sleepcap but do no damage.
The sleepcap is moderately damaged.
Your quasit bites the sleepcap.
Your quasit claws the sleepcap but does no damage. x2
The sleepcap misses you.
Your quasit bites the sleepcap.
Your quasit claws the sleepcap but does no damage.
Your quasit splashes around in the water.
Your unstable footing causes you to fumble your attack.
Your quasit bites the sleepcap but does no damage.
Your quasit claws the sleepcap but does no damage. x2
The sleepcap releases spores at you but does no damage.
Your unstable footing causes you to fumble your attack.
Your quasit bites the sleepcap but does no damage.
Your quasit claws the sleepcap but does no damage. x2
You hit the sleepcap but do no damage. You punch the sleepcap.
The sleepcap is moderately damaged.
The sleepcap releases spores at you.
You die...

♣♣~≈≈≈≈≈≈ # ♣~~≈≈≈≈≈≈≈~ ##
#############♣P~≈~≈≈≈≈~~~♣######.
..............†~~~~≈≈~~PP........
#############.~~~~~~~~~P~#######.
# ########.~P~~P~~~~~ #. #
#........~~~P~~~P~P #. #
#........Pf~~~.~~~~ ## #
#.......)5P@P...~~~ #
#.........)........ #
#######...)........ #...########.
##### P ### ~ ..# ~~ ..##### ~~
......# ~~


You could see a sleepcap (ally target) and a friendly quasit (summoned).

Vanquished Creatures
  A water moccasin (D:5)
  An ice beast (D:6)
  An ogre (D:4)
  2 black bears
  A phantom (D:5)
  Blork the orc (D:4)
  An elf zombie (D:5)
  10 scorpions
  3 wights (D:5)
  3 electric eels (D:6)
  A centaur zombie (Ossuary)
  3 hounds
  A jelly (D:3)
  A gnoll bouda (D:6)
  An orc priest (D:3)
  A sleepcap (D:5)
  2 human skeletons (D:5)
  7 scorpion zombies (Ossuary)
  4 iguanas
  Terence (D:2)
  3 mummies (Ossuary)
  Robin (D:2)
  5 adders
  5 gnolls (D:6)
  3 white imps
  2 ufetubi (D:5)
  An adder zombie (Ossuary)
  2 dart slugs
  4 orcs
  9 endoplasms
  A giant cockroach (D:1)
  8 goblins
  7 hobgoblins
  7 jackals
  5 kobolds
  A quokka (D:1)
  4 ball pythons
  5 ball python zombies (Ossuary)
  6 bats
  3 frilled lizards
  2 jackal zombies (Ossuary)
  2 orc skeletons (D:5)
  3 orc zombies
  2 rats
137 creatures vanquished.

Notes
Turn   | Place    | Note
-------+----------+-------------------------------------------
     0 | D:1      | IdlyInterested the Demonspawn Fighter began the quest for
                  | the Orb.
     0 | D:1      | Reached XP level 1. HP: 18/18 MP: 1/1
    73 | D:1      | Gained mutation: A weak demonic guardian rushes to your
                  | aid. [demonic ancestry]
    73 | D:1      | Reached XP level 2. HP: 22/24 MP: 2/2
   171 | D:1      | Reached skill level 1 in Dodging
   386 | D:1      | Reached skill level 1 in Stealth
   973 | D:2      | Noticed Robin
   979 | D:2      | Reached skill level 1 in Shapeshifting
   979 | D:2      | Gained mutation: Your touch may inflict minor irresistible
                  | damage on your foes. [demonic ancestry]
   979 | D:2      | Reached XP level 3. HP: 27/29 MP: 3/3
   988 | D:2      | Killed Robin
   989 | D:2      | Reached skill level 1 in Throwing
  1091 | D:2      | Reached skill level 1 in Unarmed Combat
  1190 | D:2      | Noticed Terence
  1191 | D:2      | Found Math's Magic Scroll Shop.
  1201 | D:2      | Killed Terence
  1202 | D:2      | Reached skill level 1 in Evocations
  1202 | D:2      | Gained mutation: Your touch may inflict irresistible damage
                  | on your foes. [demonic ancestry]
  1202 | D:2      | Reached XP level 4. HP: 27/35 MP: 4/4
  1623 | D:2      | Found a faded altar of an unknown god.
  1817 | D:2      | Bought a scroll of revelation for 75 gold pieces
  1957 | D:3      | Reached XP level 5. HP: 41/41 MP: 5/5
  2601 | D:3      | Found a broken altar of Ashenzari.
  3010 | D:4      | Reached XP level 6. HP: 34/48 MP: 6/6
  3123 | D:4      | Noticed Blork the orc
  3135 | D:4      | Killed Blork the orc
  3688 | D:4      | Reached XP level 7. HP: 52/54 MP: 7/7
  3926 | D:2      | Bought a scroll of blinking for 75 gold pieces
  3989 | D:5      | Entered Level 5 of the Dungeon
  4135 | D:5      | Found a sand-covered staircase.
  4140 | Ossuary  | Entered an ossuary
  4401 | Ossuary  | Reached XP level 8. HP: 57/60 MP: 8/8
  4618 | Ossuary  | HP: 3/61 [poisoned by a scorpion]
  4642 | Ossuary  | Reached skill level 5 in Fighting
  5028 | D:5      | Reached skill level 5 in Unarmed Combat
  5432 | D:5      | Reached XP level 9. HP: 35/69 MP: 9/9
  5737 | D:5      | Reached skill level 5 in Armour
  6076 | D:2      | Bought a scroll of fog for 40 gold pieces
  6076 | D:2      | Bought a scroll of amnesia for 40 gold pieces
  6598 | D:6      | Found a runed translucent gate.
  6598 | D:6      | Found a runed translucent gate.
  6598 | D:6      | Found a runed translucent gate.
  6598 | D:6      | Noticed TrayleKats's ghost (novice MiFi)
  6730 | D:6      | Found a staircase to the Ecumenical Temple.
  6759 | Temple   | Entered the Ecumenical Temple
  6913 | D:6      | HP: 2/69 [sleepcap (16)]
  6918 | D:6      | Slain by a sleepcap

Illustrated notes

Levels and vault maps discovered:
D:1:      dpeg_arrival_tiny_a, layout_basic
D:2:      layout_loops_ring, serial_shops, shop_statue,
          chequers_ecumenical_altar_lobes, uniq_robin, uniq_terence
D:3:      layout_basic, old_standard_altar
D:4:      layout_loops_ring, uniq_blork_the_orc
D:5:      layout_cave_pods, nicolae_ossuary_entry_catacombs
D:6:      layout_basic, nicolae_wu_jian_wuxing_cycle,
          minmay_temple_entry_statues_pillars, serial_bayou,
          serial_bayou_lake_a, serial_bayou_pond_d, serial_bayou_lagoon_b,
          serial_bayou_shore_a, ebering_ghost_rock_garden
Temple:   nicolae_temple_bog_church

Skill      XL: |  1  2  3  4  5  6  7  8  9 |
---------------+----------------------------+-----
Short Blades   | 2 |  2.0
Armour         | 3 4 6 |  6.0
Dodging        | 1 2 4 |  4.3
Stealth        | 1 2 |  2.0
Shapeshifting  | 1 2 |  2.0
Throwing       | 1 2 |  2.0
Unarmed Combat | 1 2 3 4 6 |  6.0
Evocations     | 1 2 |  2.0
Fighting       | 4 6 |  6.0
Shields        | |  2.6

Action                     |  1- 3 |  4- 6 |  7- 9 || total
---------------------------+-------+-------+-------++-------
  Melee: Rapier            |    86 |    16 |       ||   102
         Touch             |     2 |    21 |    69 ||    92
         Dagger            |       |    87 |   187 ||   274
         Unarmed           |       |       |   123 ||   123
         Punch             |       |       |     8 ||     8
  Throw: Stone             |       |     5 |    20 ||    25
    Use: Potion            |     1 |       |     6 ||     7
         Scroll            |       |       |     1 ||     1
   Stab: Sleeping          |       |       |     5 ||     5
 Armour: Scale mail        |    54 |    25 |       ||    79
         Plate armour      |       |    23 |       ||    23
         Robe              |       |       |   145 ||   145
  Dodge: Dodged            |    30 |    24 |   158 ||   212
  Block: Buckler           |    21 |       |       ||    21
         Other             |       |    13 |    46 ||    59
         Reflection        |       |       |     1 ||     1

Table legend: (Time is in decaauts)
 A = Elapsed time spent in this place.
 B = Non-inter-level travel time spent in this place.
 C = Inter-level travel time spent in this place.
 D = Time resting spent in this place.
 E = Time spent auto-exploring this place.
 F = Levels seen in this place.
 G = Mean time per level.
                   A        B        C        D        E       F      G
               +--------+--------+--------+--------+--------+-----+--------+
         Total |   6908 |   6185 |    723 |   1368 |   3226 |   8 |  863.5 |
       Dungeon |   6167 |   5444 |    723 |   1012 |   3196 |   6 | 1027.8 |
        Temple |      1 |      1 |      0 |      0 |      0 |   1 |    1.0 |
       Ossuary |    740 |    740 |      0 |    356 |     30 |   1 |  740.0 |
               +--------+--------+--------+--------+--------+-----+--------+

Top non-repeatable levels by time:
     D:5: 1278 daAuts
     D:3: 1078 daAuts
     D:2: 1064 daAuts
     D:4: 1037 daAuts
     D:1: 927 daAuts
     D:6: 780 daAuts
 Ossuary: 740 daAuts
  Temple: 1 daAuts
